Map: Parasitismo LE

Players

Vicster - Winner!

  • Race: Terran Terran
  • League: Gold
  • Spawn Location: 11:00

milfo

  • Race: Zerg Zerg
  • League: Gold
  • Spawn Location: 5:00

VOD

Have the link to the VOD?

Description

Time

  • Played on: Jan. 6, 2019, 5:02 p.m.
  • Length: 17:00
Show
View Real Time Build Order
Export as new Build Order

Vicster Terran - Winner!

Build Orders: Mech 

Get SALT Encoding   

  12  0:00  SCV  
  13  0:13  SCV  
  14  0:20  Supply Depot  
  14  0:31  SCV  
  15  0:43  SCV  
  15  0:44  Barracks  
  16  0:55  SCV  
  17  0:57  Refinery  
  17  1:08  SCV  
  18  1:20  SCV  
  19  1:32  Orbital Command  
  19  1:34  Marine  
  20  1:45  Command Center  
  20  2:02  Factory, SCV  
  21  2:11  Barracks Tech Lab  
  21  2:14  SCV  
  22  2:26  SCV  
  23  2:42  Supply Depot  
  23  2:59  Bunker  
  23  3:05  Supply Depot, Orbital Command  
  22  3:06  SCV  
  22  3:10  Siege Tank  
  26  3:12  Refinery  
  26  3:19  SCV  
  27  3:31  SCV  
  28  3:39  Command Center  
  28  3:43  SCV  
  28  3:44  SCV  
  30  3:54  Siege Tank  
  30  3:55  SCV  
  34  3:59  SCV  
  34  4:02  Engineering Bay  
  35  4:07  SCV  
  36  4:16  Refinery  
  36  4:17  SCV  
  36  4:19  SCV  
  36  4:20  Refinery  
  38  4:29  SCV  
  39  4:31  SCV  
  39  4:33  Missile Turret  
  39  4:37  Missile Turret  
  40  4:42  SCV  
  40  4:43  SCV  
  42  4:52  Orbital Command  
  42  4:55  SCV  
  42  4:56  Armory  
  42  4:59  SCV  
  44  5:08  SCV  
  44  5:10  Missile Turret  
  45  5:15  Missile Turret  
  45  5:20  SCV  
  46  5:23  SCV  
  46  5:28  SCV  
  48  5:32  SCV  
  50  5:35  SCV  
  50  5:36  Factory  
  50  5:38  Factory  
  50  5:40  Factory, SCV  
  51  5:44  SCV  
  51  5:47  SCV  
  53  5:52  SCV  
  53  6:22  Factory Reactor  
  36  6:30  Missile Turret  
  35  6:40  Factory Reactor x2  
  35  6:44  SCV x3  
  38  6:48  Terran Vehicle Weapons Level 1  
  38  6:56  SCV x3  
  38  6:57  Thor  
  47  7:04  Factory Tech Lab  
  47  7:06  Hellion x2  
  47  7:08  SCV x3  
  54  7:20  SCV  
  55  7:27  SCV  
  56  7:48  Thor  
  56  7:49  Hellion x3  
  68  7:54  SCV  
  68  7:58  Supply Depot  
  69  8:01  Supply Depot x2  
  69  8:09  Orbital Command  
  69  8:19  Hellion x4  
  77  8:22  Thor  
  83  8:41  Hellion x2  
  87  8:42  Terran Vehicle And Ship Armor Level 1  
  87  9:03  Factory  
  87  9:06  Factory  
  87  9:10  Factory  
  87  9:11  Command Center  
  87  9:12  Factory  
  87  9:26  Thor  
  87  9:29  Infernal Pre-Igniter  
  93  9:35  Supply Depot  
  93  9:37  Supply Depot  
  93  9:39  Supply Depot  
  93  9:56  SCV x2  
  93  9:57  Hellion x3  
  93  9:59  Factory Tech Lab x2, SCV, Hellion  
  104  10:01  Factory Tech Lab  
  104  10:09  SCV x2  
  104  10:10  Thor  
  104  10:11  SCV  
  113  10:15  Factory Tech Lab  
  113  10:21  SCV  
  114  10:22  Thor  
  114  10:26  Hellbat x2  
  114  10:28  Thor  
  130  10:32  Orbital Command  
  130  10:33  SCV  
  131  10:43  Refinery  
  131  10:44  Refinery  
  131  10:45  SCV  
  132  10:52  Terran Vehicle Weapons Level 2  
  132  11:13  Orbital Command  
  132  11:35  Command Center  
  132  11:49  Supply Depot  
  132  11:56  Supply Depot  
  132  11:58  Supply Depot  
  132  11:59  Supply Depot  
  132  12:00  Supply Depot  
  132  12:01  Supply Depot  
  132  12:10  SCV x2  
  132  12:11  Hellbat x2, Hellion  
  140  12:18  Hellbat x3, Hellion  
  140  12:19  SCV  
  140  12:20  Hellbat, Thor  
  157  12:23  SCV x2  
  160  12:44  SCV x4  
  163  12:56  SCV x2  
  165  13:01  Thor x4  
  195  13:07  Hellion x3  
  195  13:16  Command Center  
  195  13:30  Hellbat  
  195  13:32  Hellbat x3, Hellion x2  
  142  13:49  Thor x4  
  142  13:52  Hellion  
  142  13:53  Hellion x2  
  142  13:54  Hellbat, Hellion x2  
  172  14:04  Refinery  
  172  14:05  Refinery  
  172  14:13  Hellion  
  172  14:15  Hellion x5  
  145  14:28  Command Center  
  145  14:30  Refinery  
  141  14:32  Hellion  
  141  14:33  Thor  
  141  14:34  Thor x2  
  141  14:35  Command Center  
  141  14:37  Hellion  
  141  14:38  Hellbat x5  
  173  14:53  Hellbat  
  173  14:58  Hellbat  
  173  14:59  Hellbat  
  179  15:04  Refinery  
  169  15:08  Refinery  
  153  15:38  Hellion x10  
  153  15:42  Orbital Command  
  173  15:59  Hellion  
  173  16:00  Hellion x9  
  173  16:01  Command Center  
  173  16:02  Refinery  
Show
View Real Time Build Order
Export as new Build Order

milfo Zerg 

Build Orders: Pool First, Zergling Baneling 

Get SALT Encoding   

  12  0:01  Drone  
  13  0:09  Drone  
  14  0:23  Extractor  
  14  0:24  Extractor, Drone  
  14  0:25  Drone  
  15  0:29  Overlord  
  15  0:50  Drone x2  
  17  0:57  Drone  
  17  1:03  Spawning Pool  
  17  1:13  Extractor  
  17  1:14  Drone  
  17  1:19  Drone  
  18  1:31  Drone  
  19  1:44  Hatchery  
  18  1:49  Metabolic Boost  
  18  2:02  Queen  
  18  2:07  Drone  
  21  2:12  Drone  
  22  2:21  Overlord  
  22  2:36  Overlord  
  22  2:49  Lair  
  22  2:56  Queen  
  24  3:02  Drone x3  
  27  3:13  Baneling Nest  
  27  3:17  Drone x2  
  28  3:29  Drone x3  
  31  3:39  Zergling x6  
  34  3:50  Nydus Network  
  34  3:53  Zergling x4  
  34  3:55  Zergling x2  
  36  4:02  Zergling x2  
  37  4:03  Zergling x2  
  38  4:15  Centrifical Hooks  
  38  4:18  Zergling x2  
  38  4:19  Zergling x4  
  38  4:21  Zergling x2  
  42  4:35  Overlord x2  
  42  4:45  Zergling x4  
  44  4:55  Roach Warren  
  44  4:57  Baneling  
  44  4:58  Baneling x7  
  43  5:00  Baneling  
  43  5:02  Baneling  
  43  5:04  Baneling x2  
  43  5:06  Baneling  
  43  5:28  Nydus Canal  
  43  5:33  Drone  
  43  5:34  Drone x7  
  48  6:01  Zergling x2  
  48  6:02  Zergling x18  
  54  6:07  Nydus Canal  
  48  6:30  Zergling x2  
  48  6:31  Zergling x8  
  52  6:36  Hatchery  
  51  7:00  Overseer  
  51  7:07  Baneling  
  51  7:08  Baneling x19  
  51  7:09  Baneling x4  
  51  7:21  Roach  
  51  7:22  Roach  
  55  7:24  Roach  
  57  7:52  Roach  
  57  7:53  Roach x3  
  65  8:14  Glial Reconstitution  
  65  8:22  Drone  
  65  8:26  Overlord x2  
  65  8:27  Overlord  
  66  9:06  Drone  
  66  9:07  Drone x18  
  85  9:13  Pneumatized Carapace  
  85  9:25  Queen  
  85  9:27  Extractor  
  85  9:29  Extractor  
  85  9:37  Roach x2  
  89  9:42  Overlord x4  
  89  9:56  Baneling x5  
  89  10:16  Roach x8  
  89  10:17  Roach x4  
  113  10:39  Hatchery  
  112  11:06  Spire  
  112  11:09  Infestation Pit  
  112  11:10  Hatchery  
  110  11:17  Roach  
  110  11:18  Roach x5  
  122  11:33  Burrow  
  122  11:34  Overlord x3  
  122  11:35  Overlord x3  
  122  11:52  Hive  
  143  12:10  Queen  
  175  12:46  Drone x4  
  179  13:00  Queen  
  179  13:02  Drone  
  179  13:05  Overlord x2  
  113  13:56  Roach x5  
  113  13:57  Roach x12  
  132  14:21  Drone x3  
  133  14:33  Drone x26  
  133  15:00  Hatchery  
  102  15:30  Roach x12  
  126  15:40  Extractor  
  126  15:41  Extractor  
  124  15:43  Hydralisk Den  
  123  16:06  Zergling x8  
  123  16:07  Zergling x4  
  108  16:36  Roach x5  
  108  16:37  Roach x5  
Tags
 
League
GoldGold
Matchup
TvZ
Opening
Pool First
Replay Pack
Vicster replay
Spawn Locations
Cross Positions
Add a new tag
Caveats
  • Supply blocks, unpowered buildings, or Contaminate may cause inaccurate times.
  • Supply counts are checked every 10 seconds.